Map: Backwater LE

Players

Neeb - Winner!

  • Race: Protoss Protoss
  • Spawn Location: 11:00

HeRoMaRinE

  • Race: Terran Terran
  • Spawn Location: 5:00

Event: WCS Leipzig 2018

VOD

Have the link to the VOD?

Description

Time

  • Played on: Jan. 27, 2018, 4:57 a.m.
  • Length: 7:36

All games in this series

Show
View Real Time Build Order
Export as new Build Order

Neeb Protoss - Winner!

Build Orders: 1 Gate Expand 

Get SALT Encoding   

  12  0:00  Probe  
  13  0:12  Probe  
  14  0:18  Pylon  
  14  0:25  Probe (Chrono Boost)  
  15  0:37  Probe (Chrono Boost)  
  16  0:45  Probe (Chrono Boost)  
  16  0:46  Gateway  
  16  0:48  Assimilator  
  17  0:51  Probe  
  18  1:03  Probe  
  19  1:15  Probe  
  20  1:27  Nexus  
  20  1:37  Cybernetics Core  
  20  1:40  Probe  
  20  1:45  Assimilator  
  21  1:53  Probe  
  22  1:55  Pylon  
  22  2:04  Probe  
  23  2:11  Adept (Chrono Boost)  
  23  2:12  Probe  
  25  2:20  Probe  
  25  2:21  Warp Gate (Chrono Boost)  
  26  2:29  Twilight Council  
  27  2:34  Adept  
  29  2:37  Probe (Chrono Boost)  
  29  2:39  Probe (Chrono Boost)  
  30  2:50  Probe (Chrono Boost)  
  32  2:52  Probe (Chrono Boost)  
  32  2:55  Probe (Chrono Boost)  
  33  2:59  Probe  
  33  3:04  Adept  
  33  3:05  Probe  
  37  3:08  Gateway  
  37  3:11  Probe  
  38  3:12  Resonating Glaives (Chrono Boost)  
  38  3:17  Probe  
  39  3:23  Probe  
  40  3:27  Gateway  
  40  3:31  Gateway  
  40  3:35  Probe  
  40  3:39  Adept  
  44  3:43  Gateway  
  44  3:47  Probe  
  44  3:48  Probe  
  45  3:57  Pylon x2  
  45  3:59  Probe  
  46  4:15  Probe  
  40  4:27  Stalker x2  
  39  4:42  Adept x2  
  43  4:48  Adept  
  43  4:52  Gateway  
  45  4:53  Adept x2  
  49  5:04  Adept x3  
  49  5:06  Probe  
  56  5:07  Probe  
  51  5:18  Probe  
  51  5:19  Probe  
  48  5:22  Adept  
  50  5:30  Probe  
  50  5:32  Probe  
  48  5:37  Adept x2  
  48  5:42  Probe  
  47  5:43  Adept  
  47  5:45  Probe  
  42  5:54  Probe  
  43  5:58  Adept x2  
  45  6:05  Stalker  
  43  6:15  Adept  
  43  6:20  Probe x2  
  45  6:32  Probe x2  
  47  6:35  Stalker  
  49  6:44  Probe x2  
  49  6:56  Probe x2  
  49  6:58  Adept x2  
  53  7:05  Adept x2  
  51  7:08  Probe x2  
  49  7:20  Probe x2  
  49  7:22  Adept x3  
  53  7:32  Adept x2  
Show
View Real Time Build Order
Export as new Build Order

HeRoMaRinE Terran 

Build Orders: Gas First Reaper Expand, Reaper Expand 

Get SALT Encoding   

  12  0:00  SCV  
  13  0:13  SCV  
  14  0:17  Supply Depot  
  14  0:25  SCV  
  15  0:29  Refinery  
  15  0:39  SCV  
  16  0:44  Barracks  
  16  0:51  SCV  
  17  1:03  SCV  
  18  1:15  SCV  
  19  1:32  Orbital Command, Reaper  
  20  1:48  Command Center  
  20  1:57  Factory  
  20  2:00  SCV  
  21  2:06  Barracks Reactor  
  21  2:12  SCV  
  22  2:17  Supply Depot  
  22  2:18  Refinery  
  22  2:24  SCV  
  23  2:38  SCV  
  23  2:43  Starport  
  24  2:48  Hellion  
  24  2:49  Hellion  
  24  2:50  SCV  
  29  3:01  Orbital Command  
  29  3:10  Hellion x2  
  32  3:13  SCV  
  32  3:19  Medivac  
  35  3:26  SCV x2  
  37  3:32  Widow Mine x2  
  41  3:35  Supply Depot  
  41  3:37  Barracks Tech Lab  
  41  3:42  SCV x2  
  43  3:49  Starport Tech Lab  
  43  3:54  SCV x2  
  45  4:04  Marine x2  
  45  4:06  SCV  
  45  4:07  SCV  
  49  4:18  SCV  
  49  4:19  SCV, Command Center  
  49  4:24  Marine x2  
  49  4:26  Siege Tank  
  54  4:37  Liberator  
  54  4:43  Supply Depot  
  54  4:45  SCV x2  
  59  4:56  Marine x2  
  59  4:57  SCV  
  62  5:00  Barracks x2  
  62  5:05  SCV, Siege Tank  
  66  5:11  SCV  
  63  5:17  SCV, Engineering Bay  
  58  5:22  Marine x2  
  58  5:23  SCV  
  48  5:29  SCV  
  48  5:35  SCV  
  46  5:41  SCV  
  46  5:42  Siege Tank  
  28  5:54  Marine  
  26  5:58  Marine  
  25  6:12  Marine  
  25  6:15  Orbital Command  
  24  6:21  SCV  
  24  6:22  Marine  
  26  6:27  Marine  
  26  6:28  Marine  
  26  6:30  SCV  
  26  6:32  Marine  
  26  6:33  SCV  
  27  6:41  Marine  
  27  6:42  SCV  
  27  6:43  SCV  
  27  6:45  SCV, Marine  
  27  6:47  Marine  
  31  6:50  Marine  
  30  6:54  SCV  
  30  6:55  SCV  
  30  6:57  SCV  
  30  6:59  Marine  
  32  7:03  Marine  
  32  7:04  Marine  
  28  7:08  Marine  
  28  7:15  SCV x2  
  29  7:17  Marine  
  29  7:20  SCV  
Tags
 
Add a new tag
Caveats
  • Supply blocks, unpowered buildings, or Contaminate may cause inaccurate times.
  • Supply counts are checked every 10 seconds.